 Dungeon Crawl Stone Soup version 0.18.1-48-g4cf74bf (webtiles) character file.

149 atgrul the Digger (level 5, -5/37 HPs)
             Began as a Formicid Earth Elementalist on July 30, 2016.
             Was an Initiate of Vehumet.
             Slain by WarriorsX's ghost (8 damage)
             ... on level 3 of the Dungeon.
             The game lasted 00:13:53 (3337 turns).

atgrul the Digger (Formicid Earth Elementalist)     Turns: 3337, Time: 00:13:54

Health: -5/37      AC:  2    Str: 12    XL:     5   Next: 57%
Magic:  4/8        EV: 12    Int: 16    God:    Vehumet [......]
Gold:   146        SH:  0    Dex: 11    Spells: 2 memorised, 4 levels left

rFire  . . .     SeeInvis +     s - +1 dagger (venom)
rCold  . . .     Gourm    .     a - +0 robe
rNeg   + . .     Faith    .     (no shield)
rPois  .         Spirit   .     (helmet unavailable)
rElec  .         Dismiss  .     (no cloak)
rCorr  .         Reflect  .     (no gloves)
SustAt .         Harm     .     (no boots)
MR     .....                    k - amulet of rage
Stlth  ++........               (no ring)
                                j - ring of positive energy

@: not resistant to hostile enchantments, unstealthy
A: permanent stasis, dig shafts and tunnels, four strong arms, antennae 3
a: Dig, Shaft Self, Renounce Religion


You were on level 3 of the Dungeon.
You worshipped Vehumet.
Vehumet was noncommittal.
You were not hungry.

You visited 1 branch of the dungeon, and saw 3 of its levels.

You collected 146 gold pieces.

Inventory:

Hand Weapons
 e - a +0 short sword
 s - a +1 dagger of venom (weapon)
 y - a +2 dagger of speed
Missiles
 b - 58 stones (quivered)
Armour
 a - a +0 robe (worn)
Jewellery
 j - a ring of positive energy (left hand)
 k - an amulet of rage (around neck)
Scrolls
 g - 2 scrolls of remove curse
 h - 3 scrolls of teleportation {unknown}
 i - a scroll of magic mapping {unknown}
 n - a scroll of fog {unknown}
 o - a scroll of fear {unknown}
 p - 2 scrolls of blinking {unknown}
 u - a scroll of noise {unknown}
 x - a scroll of enchant armour {unknown}
Potions
 v - a potion of agility
 B - a potion of cure mutation {unknown}
Books
 c - a book of Geomancy

   Spells                             Type                      Level
   a - Sandblast                      Earth                        1
   b - Passwall                       Transmutation/Earth          2
   c - Stone Arrow                    Conjuration/Earth            3
   d - Petrify                        Transmutation/Earth          4
   e - Lee's Rapid Deconstruction     Earth                        5
 w - a book of Minor Magic

   Spells                             Type                      Level
   a - Magic Dart                     Conjuration                  1
   b - Blink                          Translocation                2
   c - Call Imp                       Summoning                    2
   d - Repel Missiles                 Charms/Air                   2
   e - Slow                           Hexes                        2
   f - Conjure Flame                  Conjuration/Fire             3
   g - Mephitic Cloud                 Conjuration/Poison/Air       3
Comestibles
 d - a bread ration
 f - a slice of pizza
 t - a beef jerky
 A - a meat ration


   Skills:
 - Level 1.0 Fighting
 - Level 1.4 Throwing
 - Level 1.7 Dodging
 - Level 2.4 Stealth
 - Level 2.1 Spellcasting
   Level 1.1 Transmutations
 + Level 6.5 Earth Magic


You had 4 spell levels left.
You knew the following spells:

 Your Spells              Type           Power        Failure   Level  Hunger
a - Sandblast             Erth           ###...       1%          1    #......
b - Stone Arrow           Conj/Erth      ##....       17%         3    ###....


Dungeon Overview and Level Annotations

Branches:
Dungeon (3/15)

Altars:
Vehumet
Xom

Annotations:
D:3 WarriorsX's ghost, amateur HuFi


Innate Abilities, Weirdness & Mutations

You are under a permanent stasis effect.
You can dig through walls and to a lower floor.
Your four strong arms can wield two-handed weapons with a shield.
You have a pair of large antennae on your head (SInv).


Message History

Press: ? - help, Shift-Dir - straight line, f/p - WarriorsX's ghost
Aim: WarriorsX's ghost The blast of sand hits WarriorsX's ghost.
WarriorsX's ghost closely misses you.
Casting: Sandblast
Confirm with . or Enter, or press ? or * to list all spells.
Aiming: Sandblast
Press: ? - help, Shift-Dir - straight line, f/p - WarriorsX's ghost
Aim: WarriorsX's ghost The blast of sand hits WarriorsX's ghost.
WarriorsX's ghost says very slowly, "There's no hope."
WarriorsX's ghost hits you.
* * * LOW HITPOINT WARNING * * *
You hit WarriorsX's ghost but do no damage.
WarriorsX's ghost hits you!
* * * LOW HITPOINT WARNING * * *
You barely miss WarriorsX's ghost. WarriorsX's ghost misses you.
You barely miss WarriorsX's ghost. WarriorsX's ghost barely misses you.
You closely miss WarriorsX's ghost. WarriorsX's ghost hits you!
You die...

.##...# #.# ..(.### #.#
###.# #.#
###.#####.############ ##
.....................###.#
...#################.....#
...# #.....#.### ...#
#####..##.....# ...#
#..@W..##...#..# #.##
##(######''##### #.####
.(. ##≈≈≈..≈≈≈## #....#
.(...##≈≈≈≈..≈≈≈≈##
#...%##
#.....##≈≈≈≈≈..≈≈≈≈≈##
..>...#
#....##≈≈≈≈≈≈..≈≈≈≈≈≈#
....... ....#
≈≈≈≈≈≈≈..≈≈≈≈≈≈≈ #....##
.... ≈≈≈≈≈≈≈..≈≈≈≈≈≈≈
...... ≈≈≈≈≈≈≈..≈≈≈≈≈≈≈


You could see WarriorsX's ghost.

Vanquished Creatures
  A jelly (D:3)
  Ijyb (D:2)
  2 adders (D:3)
  2 gnolls (D:3)
  3 giant geckos
  An orc (D:3)
  5 bats
  A giant cockroach (D:3)
  10 goblins
  3 hobgoblins
  6 jackals
  5 kobolds
  A quokka (D:3)
  2 ball pythons (D:3)
  3 giant newts
  5 rats (D:1)
51 creatures vanquished.

Notes
Turn   | Place    | Note
--------------------------------------------------------------
     0 | D:1      | atgrul the Formicid Earth Elementalist began the quest for the Orb.
     0 | D:1      | Reached XP level 1. HP: 13/13 MP: 3/3
    92 | D:1      | Reached skill level 4 in Earth Magic
   103 | D:1      | Reached XP level 2. HP: 19/19 MP: 0/5
  1275 | D:2      | Reached XP level 3. HP: 24/24 MP: 2/6
  1342 | D:2      | Noticed Ijyb
  1386 | D:2      | Killed Ijyb
  1386 | D:2      | Reached skill level 1 in Throwing
  1386 | D:2      | Reached skill level 5 in Earth Magic
  1389 | D:2      | Reached XP level 4. HP: 16/31 MP: 0/7
  1678 | D:2      | Found a shimmering altar of Xom.
  1678 | D:2      | Found a shimmering altar of Xom.
  1678 | D:2      | Found a shimmering altar of Xom.
  1679 | D:2      | Found a shimmering altar of Xom.
  1679 | D:2      | Found a shimmering altar of Xom.
  1680 | D:2      | Found a shimmering altar of Xom.
  1680 | D:2      | Found a shimmering altar of Xom.
  1681 | D:2      | Found a shimmering altar of Xom.
  1681 | D:2      | Found a shimmering altar of Xom.
  2188 | D:3      | Found a faded altar to an unknown god.
  2231 | D:3      | Noticed WarriorsX's ghost (amateur HuFi)
  2272 | D:3      | Reached skill level 1 in Fighting
  2390 | D:3      | Learned a level 3 spell: Stone Arrow
  2393 | D:3      | Reached XP level 5. HP: 37/37 MP: 4/8
  2430 | D:3      | Reached skill level 6 in Earth Magic
  2797 | D:3      | Found a radiant altar of Vehumet.
  2815 | D:3      | Became a worshipper of Vehumet
  3337 | D:3      | Slain by WarriorsX's ghost

Skill      XL: |  1  2  3  4  5 |
---------------+----------------+-----
Earth Magic    | 4 5 6 |  6.5
Throwing       | 1 |  1.4
Fighting       | 1 |  1.0
Dodging        | |  1.7
Stealth        | |  2.4
Spellcasting   | |  2.1
Transmutations | |  1.1

Action                   |  1- 3 |  4- 6 || total
-------------------------+-------+-------++-------
Melee: Short sword       |    18 |     1 ||    19
       Dagger            |       |    12 ||    12
Throw: Stone             |    41 |    47 ||    88
 Cast: Sandblast         |    49 |    49 ||    98
       Stone Arrow       |       |     3 ||     3
  Use: Scroll            |     1 |       ||     1
       Potion            |       |     6 ||     6
  Eat: Chunk             |     2 |     6 ||     8
       Bread ration      |       |     1 ||     1
Armor: Robe              |    14 |    21 ||    35
Dodge: Dodged            |    52 |    70 ||   122
